 Dungeon Crawl Stone Soup version 0.29-a0-284-gf9362112df (webtiles) character file.

Game seed: 4032098286497077212

229 epen the Bolt Thrower (level 6, -5/38 HPs)
             Began as a Kobold Hunter on Mar 14, 2022.
             Slain by Duvessa
             ... wielding a +0 short sword
              (8 damage)
             ... on level 4 of the Dungeon.
             The game lasted 00:03:39 (3113 turns).

epen the Bolt Thrower (Kobold Hunter)               Turns: 3113, Time: 00:03:40

Health: -5/38      AC:  5    Str:  8    XL:     6   Next: 23%
Magic:  6/6        EV: 16    Int: 11    God:
Gold:   201        SH:  0    Dex: 20    Spells: 5/5 levels left

rFire   . . .      SeeInvis .   a - +1 hand crossbow
rCold   . . .      Faith    .   (no shield)
rNeg    . . .      Spirit   .   b - +1 leather armour
rPois   .          Reflect  .   i - +0 helmet
rElec   .          Harm     .   (no cloak)
rCorr   .          Rampage  .   (no gloves)
Will    .....                   (no boots)
Stlth   ++++......              (no amulet)
HPRegen 0.12/turn               (no ring)
MPRegen 0.10/turn               (no ring)

@: lethally poisoned (-5 -> -9)
A: small, no large weapons, nightstalker 3
a: no special abilities


You were on level 4 of the Dungeon.
You visited 1 branch of the dungeon, and saw 4 of its levels.
You also visited: Sewer.

You collected 201 gold pieces.

Inventory:

Hand Weapons
 a - a +1 hand crossbow (weapon)
Missiles
 p - 4 throwing nets
Armour
 b - a +1 leather armour (worn)
 i - a +0 helmet (worn)
Jewellery
 m - a ring of resist corrosion
Scrolls
 c - a scroll of immolation
 h - a scroll of enchant armour
 n - 3 scrolls of identify
Potions
 d - 2 potions of heal wounds
 e - 3 potions of curing
 f - a potion of brilliance {unknown}
 g - 3 potions of flight
 j - a potion of mutation {unknown}
 k - 2 potions of haste {unknown}
 l - a potion of resistance {unknown}


   Skills:
 + Level 3.7 Fighting
 + Level 6.5 Crossbows
 + Level 4.1 Dodging
 + Level 4.2 Stealth


You had 5 spell levels left.
You didn't know any spells.
Your spell library contained the following spells:

 Spells                   Type           Power      Damage    Failure   Level
 Apportation              Tloc           0%         N/A       45%         1
 Tukima's Dance           Hex            0%         N/A       83%         3
 Passage of Golubria      Tloc           0%         N/A       99%         4
 Alistair's Intoxication  Tmut/Pois      0%         N/A       100%        5
 Yara's Violent Unravell  Hex/Tmut       0%         3d3       100%        5


Dungeon Overview and Level Annotations

Branches:
Dungeon (4/15)              Sewer (visited)
 Temple: D:4-7

Altars:

Shops:
D:2 [:*!(

Annotations:
D:4 Dowan, Duvessa


Innate Abilities, Weirdness & Mutations

You are small and have problems with some larger weapons.
You are completely attuned to the shadows.


Message History

Duvessa is heavily wounded.
Duvessa misses you.
You shoot a bolt. The bolt hits Duvessa.
Duvessa is severely wounded.
Duvessa completely misses you. Duvessa hits you with a +0 short sword.
Dowan misses you.
You shoot a bolt. The ball python hisses angrily.
The bolt hits Duvessa!
Duvessa is severely wounded.
Duvessa hits you with a +0 short sword.
Dowan hits you with a +4 dagger of venom.
You are poisoned.
Duvessa closely misses you.
Shoot: a) +1 hand crossbow
Press: ? - help, Shift-Dir - straight line, f/p - Duvessa
Aim: Duvessa, wielding a +0 short sword and wearing a +0 scale mail (severely wounded, fast, 74% to hit)
You shoot a bolt.
The bolt hits Duvessa but does no damage.
Duvessa is severely wounded.
You feel very sick. Duvessa hits you with a +0 short sword.
Dowan says, "Stay away from my face!"
Dowan casts a spell.
Dowan blinks!
Duvessa shouts, "You can run, but you cannot escape us forever!"
Duvessa hits you with a +0 short sword!
* * * LOW HITPOINT WARNING * * *
Shoot: a) +1 hand crossbow
Press: ? - help, Shift-Dir - straight line, f/p - Duvessa
Aim: Duvessa, wielding a +0 short sword and wearing a +0 scale mail (severely wounded, fast, 74% to hit)
You shoot a bolt. The bolt hits Duvessa.
Duvessa is almost dead.
* * * LOW HITPOINT WARNING * * *
You feel sick.
The ball python bites you but does no damage.
The ball python barely misses you. Duvessa completely misses you.
The ball python bites you but does no damage.
The ball python completely misses you. Duvessa hits you with a +0 short sword!
You die...

.........<....
..............
#............
###......e....
#.#...........
###.............
####.#....##........
##..#S..............#
#...@e##..........[##
##.....#.....#ยง...##
#..e.......g..##.##
##........[.#^....#
##.........#e##..#
##.....#...#. ..
#......#S.##.. .
#.......#..
##>.....#..


You could see Duvessa (fast), Dowan and a ball python.

Vanquished Creatures
  A kobold brigand (Sewer)
  3 adders (D:2)
  4 gnolls (D:3)
  2 river rats
  3 worms (D:2)
  2 dart slugs
  An orc (D:2)
  7 ball pythons
  4 endoplasms
  3 giant cockroaches
  4 goblins
  4 hobgoblins
  2 jackals (Sewer)
  4 quokkas
  4 bats
  2 frilled lizards
  8 kobolds
  10 rats
68 creatures vanquished.

Vanquished Creatures (others)
  2 toadstools (D:4)
2 creatures vanquished.

Grand Total: 70 creatures vanquished

Notes
Turn   | Place    | Note
-------+----------+-------------------------------------------
     0 | D:1      | epen the Kobold Hunter began the quest for the Orb.
     0 | D:1      | Reached XP level 1. HP: 12/12 MP: 1/1
   128 | D:1      | Found a faded altar of an unknown god.
   204 | D:1      | Reached XP level 2. HP: 18/18 MP: 2/2
   763 | D:2      | Found Zairoame's Armour Shop.
   821 | D:2      | Found Zoqet's Distillery.
   832 | D:2      | Reached XP level 3. HP: 22/22 MP: 3/3
   898 | D:2      | Found Zidoyxall's Book Emporium.
  1036 | D:2      | Reached XP level 4. HP: 27/27 MP: 4/4
  1085 | D:2      | Found Eddiagog's Assorted Antiques.
  1104 | D:2      | Found Ecri's Antique Weapon Shoppe.
  1268 | D:2      | Reached skill level 6 in Crossbows
  1688 | D:3      | Found a glowing drain.
  1692 | Sewer    | Entered a sewer
  1700 | Sewer    | Reached XP level 5. HP: 24/32 MP: 5/5
  1840 | Sewer    | Noticed a kobold brigand
  1855 | Sewer    | Killed a kobold brigand
  2055 | Sewer    | Found a white marble altar of Elyvilon.
  2334 | D:3      | Reached XP level 6. HP: 37/37 MP: 6/6
  2397 | D:3      | Identified the +0 ring mail "Itwaegaa" {rCorr Str+6 Dex-2
                  | SInv}
  2799 | D:4      | Noticed Dowan
  2802 | D:4      | Noticed Duvessa
  3113 | D:4      | Slain by Duvessa

Illustrated notes

Levels and vault maps discovered:
D:1:      lightli_arrival_boilingwater, layout_loops_ring,
          hellmonk_ecumenical_altar_run_dry, kennysheep_nondescript
D:2:      layout_loops_ring, serial_shops, nicolae_diamond_shop, shop_fountains,
          nicolae_diamond_shop, nicolae_shop_advertising_works
          [nicolae_subvault_shop_adworks], nicolae_shop_behind_doors
D:3:      layout_loops_ring, gup_sewer_entry_bowl, minmay_misc_feat_four_crosses
D:4:      minmay_goblin_kobold_castle, layout_cave_pools,
          minmay_gold_behind_fungi, uniq_duvessa

Skill      XL: |  1  2  3  4  5 |
---------------+----------------+-----
Stealth        | 2 3 4 |  4.2
Dodging        | 3 4 |  4.1
Fighting       | 3 |  3.7
Crossbows      | 6 |  6.5

Action                   |  1- 3 |  4- 6 || total
-------------------------+-------+-------++-------
 Fire: Hand crossbow     |    53 |   136 ||   189
  Use: Scroll            |     7 |     1 ||     8
       Potion            |       |     1 ||     1
Armor: Leather armour    |     5 |    12 ||    17
Dodge: Dodged            |    14 |    58 ||    72

Table legend: (Time is in decaauts)
 A = Elapsed time spent in this place.
 B = Non-inter-level travel time spent in this place.
 C = Inter-level travel time spent in this place.
 D = Time resting spent in this place.
 E = Time spent auto-exploring this place.
 F = Levels seen in this place.
 G = Mean time per level.
                   A        B        C        D        E       F      G
               +--------+--------+--------+--------+--------+-----+--------+
         Total |   3204 |   3070 |    134 |    212 |   2405 |   5 |  640.8 |
       Dungeon |   2755 |   2621 |    134 |    212 |   2022 |   4 |  688.8 |
         Sewer |    449 |    449 |      0 |      0 |    383 |   1 |  449.0 |
               +--------+--------+--------+--------+--------+-----+--------+

Top non-repeatable levels by time:
     D:3: 1125 daAuts
     D:2: 809 daAuts
     D:1: 746 daAuts
   Sewer: 449 daAuts
     D:4: 74 daAuts
